 Dungeon Crawl Stone Soup version 0.29.0-4-gdea44cf6ec (webtiles) character file.

Game seed: 7017155103500069580

20 qw the Sneak (level 2, -1/19 HPs)
             Began as a Gargoyle Delver on Sept 10, 2022.
             Slain by Sigmund
             ... wielding a +0 scythe
              (9 damage)
             ... on level 2 of the Dungeon.
             The game lasted 00:00:26 (1862 turns).

qw the Sneak (Gargoyle Delver)                      Turns: 1862, Time: 00:00:27

Health: -1/19      AC:  5    Str: 15    XL:     2   Next: 79%
Magic:  2/2        EV: 11    Int: 10    God:
Gold:   76         SH:  0    Dex: 11    Spells: 1/1 levels left

rFire   . . .      SeeInvis .   Y - +0 hand axe
rCold   . . .      Faith    .   (no shield)
rNeg    + . .      Spirit   .   b - +0 leather armour
rPois   inf        Reflect  .   (no helmet)
rElec   +          Harm     .   (no cloak)
rCorr   .          Rampage  .   (no gloves)
Will    .....                   (no boots)
Stlth   +++.......              (no amulet)
HPRegen 0.06/turn               (no ring)
MPRegen 0.08/turn               (no ring)

@: no status effects
A: sickness immunity, AC +2, negative energy resistance 1, electricity
resistance, torment resistance 1, petrification resistance
a: no special abilities


You were on level 2 of the Dungeon.
You visited 1 branch of the dungeon, and saw 5 of its levels.

You collected 76 gold pieces.


Innate Abilities, Weirdness & Mutations

You are immune to sickness and miasma.
Your stone body is resilient. (AC +2)
You are immune to poison.
You resist negative energy. (rN+)
You are resistant to electric shocks. (rElec)
You are resistant to unholy torment.
You are immune to petrification.


   Skills:
 - Level 3.2 Fighting
 + Level 2.9 Axes
 - Level 1.5 Dodging
 - Level 5.4 Stealth


You had one spell level left.
You didn't know any spells.
Your spell library was empty.

Inventory:

Hand Weapons
 k - a +0 whip of venom
 Y - a +0 hand axe (weapon)
Armour
 b - a +0 leather armour (worn)
Wands
 g - a wand of digging (3)
Scrolls
 h - a scroll of identify
Potions
 c - a potion of brilliance {unknown}
 e - a potion of mutation {unknown}
 f - a potion of haste
 j - a potion of degeneration {unknown}

Dungeon Overview and Level Annotations

Branches:
Dungeon (5/15)
 Temple: D:4-7

Altars:

Annotations:
D:2 Sigmund


Message History

Moving in this stuff is going to be slow.
Done exploring.
1787 ||| DRINKING 2 ruby potions.
It was a potion of attraction.
You feel attractive to monsters.
Done exploring.
1788 ||| DROPPING potion of attraction.
You drop a potion of attraction.
You hear a splash.
Done exploring.
(D) Dungeon
Where to? (* - list waypoints, Enter - D:1, ? - help)
What level of the Dungeon? (default 1, ? - help)
There is a stone staircase leading down here.
You climb downwards.
There is a stone staircase leading up here.
Found a scroll of poison.
Found a stone staircase leading up.
You feel less attractive to monsters.
Sigmund the Dreaded comes into view.
He is wielding a +0 scythe.
Enter note: Sigmund says, "I'm your fate."
Sigmund closely misses you.
Sigmund mumbles some strange words.
Sigmund flickers and vanishes!
Deactivating autopickup; reactivate with Ctrl-A.
You closely miss something. Something hits you.
You hit something but do no damage. You closely miss something.
Something hits you but does no damage.
You closely miss something. Something hits you.
You hit something but do no damage. Something hits you.
You closely miss something. Something hits you but does no damage.
You barely miss something. You closely miss something. Something hits you.
You barely miss something. Something hits you!
You die...

#.# #.# #.# #.#
#.# #.# #.#
#.###########.#
#..{@.........#
###############


There were no monsters in sight!

Vanquished Creatures
  A dart slug (D:1)
  An endoplasm (D:1)
  2 giant cockroaches (D:1)
  A goblin (D:4)
  2 hobgoblins (D:1)
  3 quokkas
  2 frilled lizards (D:1)
  3 kobolds (D:1)
  2 rats (D:1)
17 creatures vanquished.

Notes
Turn   | Place    | Note
-------+----------+-------------------------------------------
     0 | D:5      | qw the Gargoyle Delver began the quest for the Orb.
     0 | D:5      | Reached XP level 1. HP: 14/14 MP: 1/1
     0 | D:5      | 0 ||| qw: Version: 0.1-a-116-g5d60599
     0 | D:5      | 0 ||| qw: Game counter: 7846
     0 | D:5      | 0 ||| qw: Always use a shield: true
     0 | D:5      | 0 ||| qw: God list: Okawaru
     0 | D:5      | 0 ||| qw: Allow faded altars: false
     0 | D:5      | 0 ||| qw: Do Orc after D:15 true
     0 | D:5      | 0 ||| qw: Do second Lair branch before Depths: true
     0 | D:5      | 0 ||| qw: Lair rune preference: random
     0 | D:5      | 0 ||| qw: Plans: Normal
     0 | D:5      | 0 ||| PLANNING D:1-11
    33 | D:5      | 33 ||| READING scroll labelled BIH LUMUJAECS.
    34 | D:5      | 34 ||| READING scroll labelled ZEISAMOLIA.
    35 | D:5      | 35 ||| DROPPING scroll of fog.
    36 | D:5      | 36 ||| DROPPING scroll of magic mapping.
    37 | D:5      | 37 ||| DROPPING scroll of fear.
    47 | D:4      | 47 ||| PLANNING SEWER
   413 | D:4      | 413 ||| Stepping ~*~*~tactically~*~*~ (hiding).
   515 | D:4      | 515 ||| Stepping ~*~*~tactically~*~*~ (hiding).
   617 | D:4      | 617 ||| Stepping ~*~*~tactically~*~*~ (hiding).
   719 | D:4      | 719 ||| Stepping ~*~*~tactically~*~*~ (hiding).
   805 | D:4      | 805 ||| RIP SEWER
   820 | D:4      | 820 ||| PLANNING D:1-11
   874 | D:1      | 874 ||| Stepping ~*~*~tactically~*~*~ (stealth).
   878 | D:1      | 878 ||| Stepping ~*~*~tactically~*~*~ (stealth).
   888 | D:1      | Reached XP level 2. HP: 15/19 MP: 2/2
  1301 | D:1      | 1301 ||| Stepping ~*~*~tactically~*~*~ (stealth).
  1765 | D:1      | 1765 ||| DROPPING +0 club.
  1783 | D:1      | 1783 ||| READING scroll labelled ZIDGHI QUGIV.
  1787 | D:1      | 1787 ||| DRINKING 2 ruby potions.
  1788 | D:1      | 1788 ||| DROPPING potion of attraction.
  1849 | D:2      | Noticed Sigmund
  1862 | D:2      | Slain by Sigmund

Levels and vault maps discovered:
D:1:      psy_arrival_radial02, layout_basic
D:2:      layout_basic, uniq_jessica, uniq_terence, uniq_sigmund
D:3:      layout_loops_ring, trog_three_pillars_becter, serial_shops, shop
D:4:      layout_layer_cave, nicolae_yredelemnul_corpse_copse,
          tgw_kikubaaqudgha, minmay_temple_entry_tees, gup_sewer_entry_bubbles,
          nicolae_concentric_dashed_squares_mild, uniq_menkaure
D:5:      layout_rooms, hex_tiny, minmay_fractal_squares_5, uniq_prince_ribbit1

Skill      XL: |  1 |
---------------+----+-----
Axes           | 2 |  2.9
Fighting       | |  3.2
Dodging        | |  1.5
Stealth        | |  5.4

Action                   || total
-------------------------++-------
Melee: Hand axe          ||    64
  Use: Scroll            ||     3
       Potion            ||     1
 Stab: Sleeping          ||     1
Armor: Leather armour    ||    15
Dodge: Dodged            ||    29

Table legend:
 A = Non-vault XP
 B = Vault XP
 C = Vault XP percentage of total XP
 D = Non-vault monster count
 E = Vault monster count
 F = Vault count percentage of total count
                 A         B        C        D         E       F
            +---------+---------+-------+---------+---------+-------
      Total |      29 |       0 |   0.0 |      17 |       0 |   0.0
            +---------+---------+-------+---------+---------+-------
        D:1 |      25 |       0 |   0.0 |      15 |       0 |   0.0
        D:4 |       4 |       0 |   0.0 |       2 |       0 |   0.0
            +---------+---------+-------+---------+---------+-------
